 Dungeon Crawl Stone Soup version 0.26-a0-648-g87339cc (webtiles) character file.

Game seed: 16589869188383329230

241 Nubsawce the Shield-Bearer (level 5, -12/47 HPs)
             Began as a Minotaur Fighter on Sept 26, 2020.
             Was an Initiate of Ru.
             Mangled by an ogre
             ... wielding a +0 giant club
              (19 damage)
             ... on level 4 of the Dungeon.
             The game lasted 00:09:00 (2007 turns).

Nubsawce the Shield-Bearer (Minotaur Fighter)       Turns: 2007, Time: 00:09:01

Health: -12/47     AC: 11    Str: 21    XL:     5   Next: 80%
Magic:  4/4        EV:  8    Int:  5    God:    Ru [......]
Gold:   199        SH: 15    Dex: 10    Spells: 4/4 levels left

rFire    . . .     SeeInvis .   a - +0 long sword
rCold    . . .     Faith    .   c - +0 kite shield
rNeg     . . .     Spirit   .   b - +0 scale mail
rPois    .         Reflect  +   (helmet restricted)
rElec    .         Harm     .   (no cloak)
rCorr    .         Rampage  .   (no gloves)
MR       .....                  (no boots)
Stlth    ..........             o - amulet of reflection
HPRegen  0.15/turn              g - +4 ring of protection
MPRegen  0.09/turn              (no ring)

@: no status effects
A: retaliatory headbutt, horns 2
a: Renounce Religion


You were on level 4 of the Dungeon.
You worshipped Ru.
Ru was noncommittal.
You visited 2 branches of the dungeon, and saw 5 of its levels.

You collected 199 gold pieces.

Inventory:

Hand Weapons
 a - a +0 long sword (weapon)
Armour
 b - a +0 scale mail (worn)
 c - a +0 kite shield (worn)
Jewellery
 g - a +4 ring of protection (left hand)
 o - an amulet of reflection (around neck)
Scrolls
 e - a scroll of teleportation {unknown}
 f - 3 scrolls of identify {unknown}
 j - a scroll of noise {unknown}
 k - a scroll of enchant armour {unknown}
 p - 2 scrolls of immolation {unknown}
 q - 3 scrolls of amnesia {unknown}
 s - 3 scrolls of remove curse {unknown}
 t - a scroll of blinking {unknown}
Potions
 d - a potion of might
 h - a potion of magic {unknown}
 i - 2 potions of curing {unknown}
 l - a potion of heal wounds {unknown}
 m - a potion of brilliance {unknown}
 n - a potion of flight {unknown}
 r - 2 potions of lignification {unknown}
 u - a potion of ambrosia {unknown}


   Skills:
 + Level 4.8 Fighting
 + Level 4.2 Long Blades
 + Level 4.2 Armour
 + Level 1.2 Dodging
 + Level 0.5 Stealth
 + Level 5.4 Shields


You had 4 spell levels left.
You didn't know any spells.
Your spell library contained the following spells:

 Spells                   Type           Power        Failure   Level
 Confusing Touch          Hex            #.......     100%        3
 Gell's Gravitas          Tloc           #.........   100%        3
 Petrify                  Tmut/Erth      #.......     100%        4
 Metabolic Englaciation   Hex/Ice        #.........   100%        5
 Yara's Violent Unravell  Hex/Tmut       #.........   100%        5


Dungeon Overview and Level Annotations

Branches:
Dungeon (4/15)             Temple (1/1) D:4

Altars:
Ashenzari
Cheibriados
Dithmenos
Elyvilon
Fedhas
Gozag
Kikubaaqudgha
Makhleb
Nemelex Xobeh
Okawaru
Qazlal
Ru
Sif Muna
Trog
Uskayaw
Vehumet
Wu Jian
Xom
Zin
The Shining One


Innate Abilities, Weirdness & Mutations

You reflexively headbutt those who attack you in melee.
You have a pair of horns on your head.


Message History

The ogre shouts!
The ogre moves out of view.
An ogre is nearby!
You barely miss the ogre. You headbutt the ogre.
The ogre is moderately wounded.
You block the ogre's attack.
You slash the ogre!
The ogre is heavily wounded.
The ogre hits you with a +0 giant club.
You hit the ogre. You headbutt the ogre.
The ogre is severely wounded.
The ogre hits you with a +0 giant club!!
You hit the ogre.
The ogre is severely wounded.
The ogre hits you with a +0 giant club!
* * * LOW HITPOINT WARNING * * *
You hit the ogre but do no damage.
The ogre is severely wounded.
The ogre hits you with a +0 giant club!!
You die...

##......###.......##.#
##......##.8.8.8....##
##...............#..#
##...............##
#.............# ..#
#...........†)_#...##
#.#.............#....#
.#.#............O....##
.##...........@.......
#.......(8.8.8.....##
...................#
..................#
####......$......#
#.#.............
##.#........##.#
..........## ##


You could see an ogre.

Vanquished Creatures
  Terence (D:2)
  An iguana (D:4)
  A worker ant (D:4)
  Robin (D:2)
  6 adders
  An adder skeleton (D:4)
  4 worms
  2 dart slugs (D:2)
  A leopard gecko (D:3)
  An orc (D:3)
  A ball python (D:1)
  10 bats
  4 giant cockroaches
  18 goblins
  11 hobgoblins
  7 kobolds
  A quokka (D:3)
  2 frilled lizards
  6 rats
79 creatures vanquished.

Notes
Turn   | Place    | Note
-------+----------+-------------------------------------------
     0 | D:1      | Nubsawce the Minotaur Fighter began the quest for the Orb.
     0 | D:1      | Reached XP level 1. HP: 19/19 MP: 0/0
    84 | D:1      | Reached XP level 2. HP: 27/27 MP: 1/1
   141 | D:1      | Reached skill level 4 in Shields
   294 | D:1      | Reached XP level 3. HP: 31/33 MP: 2/2
   435 | D:2      | Noticed Terence
   441 | D:2      | Killed Terence
   441 | D:2      | Reached XP level 4. HP: 36/41 MP: 3/3
   730 | D:2      | Noticed Robin
   759 | D:2      | Killed Robin
  1285 | D:3      | Found a white marble altar of Elyvilon.
  1319 | D:3      | Reached skill level 1 in Dodging
  1319 | D:3      | Reached XP level 5. HP: 45/47 MP: 4/4
  1593 | D:3      | Found a glowing silver altar of Zin.
  1657 | D:4      | Found a staircase to the Ecumenical Temple.
  1679 | Temple   | Entered the Ecumenical Temple
  1777 | Temple   | Became a worshipper of Ru the Awakened
  1928 | D:4      | Found an opulent altar of Gozag.
  1975 | D:4      | Reached skill level 5 in Shields
  1982 | D:4      | Found a hide-covered altar of Uskayaw.
  2000 | D:4      | Noticed an ogre
  2007 | D:4      | Mangled by an ogre

Illustrated notes

Levels and vault maps discovered:
D:1:      saegor_arrival_simple_b, layout_rooms, minmay_tiny_reverse_x
D:2:      layout_basic, uniq_terence, uniq_robin
D:3:      layout_basic, marbit_many_paths, elyvilon_altar_3
D:4:      minmay_inner_zag, layout_layer_cave, kennysheep_little_box,
          grunt_gozag_statues, eat_drink_and_be_merry_uskayaw,
          minmay_temple_entry_offerings
Temple:   minmay_temple_bridge_d

Skill      XL: |  1  2  3  4  5 |
---------------+----------------+-----
Shields        | 4 5 |  5.4
Fighting       | 4 |  4.8
Armour         | 4 |  4.2
Long Blades    | 3 4 |  4.2
Dodging        | 1 |  1.2
Stealth        | |  0.5

Action                   |  1- 3 |  4- 6 || total
-------------------------+-------+-------++-------
Melee: Long sword        |    56 |   144 ||   200
       Headbutt          |    10 |    14 ||    24
Armor: Scale mail        |    26 |    35 ||    61
Dodge: Dodged            |    22 |    25 ||    47
Block: Kite shield       |    30 |    98 ||   128
       Reflection        |       |     1 ||     1
       Rpst.: Long sword |     5 |     4 ||     9

Table legend: (Time is in decaauts)
 A = Elapsed time spent in this place.
 B = Non-inter-level travel time spent in this place.
 C = Inter-level travel time spent in this place.
 D = Time resting spent in this place.
 E = Time spent auto-exploring this place.
 F = Levels seen in this place.
 G = Mean time per level.
                   A        B        C        D        E       F      G
               +--------+--------+--------+--------+--------+-----+--------+
         Total |   2066 |   2066 |      0 |      0 |   1348 |   5 |  413.2 |
       Dungeon |   1892 |   1892 |      0 |      0 |   1278 |   4 |  473.0 |
        Temple |    173 |    173 |      0 |      0 |     70 |   1 |  173.0 |
               +--------+--------+--------+--------+--------+-----+--------+

Top non-repeatable levels by time:
     D:2: 795 daAuts
     D:3: 484 daAuts
     D:1: 431 daAuts
     D:4: 181 daAuts
  Temple: 173 daAuts
